 Dungeon Crawl Stone Soup version 0.31-a0-1309-gbf3fed316f (webtiles) character file.

Game seed: 3244655556348436727

87 Ajdolov the Covered (level 4, -3/35 HPs)
             Began as an Armataur Fighter on Dec 20, 2023.
             Slain by an orc
             ... wielding a +0 trident
              (5 damage)
             ... on level 2 of the Dungeon.
             The game lasted 00:03:19 (1129 turns).

Ajdolov the Covered (Armataur Fighter)              Turns: 1129, Time: 00:03:20

Health: -3/35      AC: 10    Str: 24    XL:     4   Next: 28%
Magic:  4/4        EV:  7    Int:  8    God:
Gold:   44         SH:  4    Dex:  9    Spells: 3/3 levels left

rFire   . . .        a - +0 flail
rCold   . . .        c - +0 buckler
rNeg    . . .        b - +0 scale mail
rPois   .            (no helmet)
rElec   .            (no cloak)
rCorr   .            (no gloves)
SInv    .            (no barding)
Will    .....        (no amulet) Stlth
                     k - +4 ring of protection
HPRegen 0.25/turn    (no ring)
MPRegen 0.42/turn

%: roll
@: no status effects
A: large, deformed body, tough skin 3, armoured tail, roll 1, long tongue
a: no special abilities


You were on level 2 of the Dungeon.
You visited 1 branch of the dungeon, and saw 2 of its levels.

You collected 44 gold pieces.

Inventory:

Hand Weapons
 a - a +0 flail (weapon)
Armour
 b - a +0 scale mail (worn)
 c - a +0 buckler (worn)
 h - a +0 kite shield
Jewellery
 k - a +4 ring of protection (left hand)
Scrolls
 f - 4 scrolls of immolation
 j - a scroll of vulnerability {unknown}
 l - a scroll of identify {unknown}
Potions
 d - a potion of might
 e - 2 potions of brilliance {unknown}
 g - 2 potions of curing {unknown}
 i - a potion of attraction {unknown}


   Skills:
 + Level 3.4 Fighting
 * Level 3.5 Maces & Flails
 - Level 3.6 Armour
 - Level 3.2 Shields


You had 3 spell levels left.
You didn't know any spells.
Your spell library contained the following spells:

 Spells                   Type           Power      Damage    Failure   Level
 Slow                     Hex            0%         N/A       77%         1
 Confusing Touch          Hex            0%         N/A       98%         3
 Sigil of Binding         Hex            0%         N/A       98%         3
 Vampiric Draining        Necr           0%         2d6       98%         3


Dungeon Overview and Level Annotations

Branches:
Dungeon (2/15)

Altars:


Innate Abilities, Weirdness & Mutations

Armour fits poorly on your strangely shaped body.
You have extremely tough skin. (AC +3)
You have a long armoured tail.
You regenerate magic when rolling toward enemies. (Rampage MPRegen)
Your long tongue fully drains potion bottles. (2x potion effects)


Message History

The orc hits you with a +0 flail.
* * * LOW HITPOINT WARNING * * *
You hit the orc.
You kill the orc!
You hit the kobold.
You kill the kobold!
The quokka barely misses you. The orc barely misses you.
You miss the quokka.
Your tail-slap misses the quokka.
The quokka barely misses you. You block the orc's attack.
You closely miss the quokka. You block the quokka's attack.
The orc barely misses you.
The quokka bites you but does no damage.
You open the door.
A kobold and an orc come into view.
The kobold shouts!
The orc shouts!
You block the quokka's attack. The orc closely misses you.
The kobold moves out of view.
You roll towards the orc!
You barely miss the orc. You tail-slap the orc!
You kill the orc!
The quokka bites you but does no damage.
You barely miss the quokka. The quokka barely misses you.
The quokka bites you but does no damage.
You closely miss the quokka. The quokka bites you.
* * * LOW HITPOINT WARNING * * *
You roll towards the orc!
You hit the orc.
The orc is severely wounded.
The quokka attacks as it pursues you!
The quokka bites you but does no damage.
The orc hits you with a +0 trident.
* * * LOW HITPOINT WARNING * * *
The quokka bites you but does no damage.
You hit the orc but do no damage.
The orc is severely wounded.
The orc closely misses you.
The quokka bites you but does no damage.
You closely miss the orc.
Your tail-slap misses the orc.
The orc is severely wounded.
You block the orc's attack. The quokka closely misses you.
The orc hits you with a +0 trident.
You die...

## ###### .. ######....##
#. #........... #. #####
#........## #. #....
#.........# ##.
##....#####..)......####..
.......Kr@o.....>...#.....
####...###............#+#
#..$'..#####....<.....
#...##!#......##......
..####....#)#.##..........†
............#.##..#.....###
##..#.##..###.##........###
..# #. #......###..####.#..
. .. #.#.#..# .... #.#.#


You could see an orc, a quokka and a kobold.

Vanquished Creatures
  An orc priest (D:2)
  3 worms (D:2)
  3 orcs (D:2)
  5 ball pythons
  5 endoplasms (D:1)
  2 giant cockroaches (D:1)
  3 goblins
  3 hobgoblins (D:1)
  5 kobolds
  4 quokkas (D:1)
  4 bats
  A frilled lizard (D:2)
  4 rats (D:1)
43 creatures vanquished.

Notes
Turn   | Place    | Note
-------+----------+-------------------------------------------
     0 | D:1      | Ajdolov the Armataur Fighter began the quest for the Orb.
     0 | D:1      | Reached XP level 1. HP: 17/17 MP: 1/1
   156 | D:1      | Found a faded altar of an unknown god.
   198 | D:1      | Reached XP level 2. HP: 10/23 MP: 2/2
   595 | D:1      | Reached XP level 3. HP: 25/29 MP: 3/3
  1112 | D:2      | Reached XP level 4. HP: 4/35 MP: 4/4
  1127 | D:2      | HP: 1/35 [orc/+0 trident (2)]
  1129 | D:2      | Slain by an orc

Illustrated notes

Levels and vault maps discovered:
D:1:      sevenhm_arrival_forest_fort_large_2, layout_basic,
          hellmonk_ecumenical_altar_blasted, minmay_three_crescents
D:2:      layout_basic

Skill      XL: |  1  2  3 |
---------------+----------+-----
Maces & Flails | 2 3 |  3.5
Fighting       | 3 |  3.4
Armour         | |  3.6
Shields        | |  3.2

Action                     |  1- 3 |  4- 6 || total
---------------------------+-------+-------++-------
  Melee: Flail             |   121 |    14 ||   135
         Tailslap          |    12 |     1 ||    13
 Armour: Scale mail        |   102 |    10 ||   112
  Dodge: Dodged            |    47 |    11 ||    58
  Block: Buckler           |    18 |     4 ||    22

Table legend: (Time is in decaauts)
 A = Elapsed time spent in this place.
 B = Non-inter-level travel time spent in this place.
 C = Inter-level travel time spent in this place.
 D = Time resting spent in this place.
 E = Time spent auto-exploring this place.
 F = Levels seen in this place.
 G = Mean time per level.
                   A        B        C        D        E       F      G
               +--------+--------+--------+--------+--------+-----+--------+
         Total |   1168 |   1150 |     18 |      0 |    840 |   2 |  584.0 |
       Dungeon |   1168 |   1150 |     18 |      0 |    840 |   2 |  584.0 |
               +--------+--------+--------+--------+--------+-----+--------+

Top non-repeatable levels by time:
     D:1: 897 daAuts
     D:2: 270 daAuts
